 Dungeon Crawl Stone Soup version 0.31-a0-365-gcf821cafb2 (webtiles) character file.

Game seed: 238153091296958119

356710 javelincjr the Warrior (level 23, -14/178 HPs)
             Began as a Djinni Hedge Wizard on July 26, 2023.
             Was a High Priest of Qazlal.
             Demolished by the Royal Jelly (35 damage)
             ... on level 5 of the Pits of Slime on July 27, 2023.
             The game lasted 08:30:11 (40484 turns).

javelincjr the Warrior (Djinni Hedge Wizard)       Turns: 40484, Time: 08:30:12

Health: -14/178    AC: 26    Str:  7      XL:     23   Next: 38%
Gold:   4566       EV: 19    Int: 33 (35) God:    Qazlal [*****.] SH:  7 Dex: 15 (16)

rFire   + + +        A - +17 lance "Wyrmbane" {slay drac, rPois rF+ rC+ AC+3}
rCold   + + .        (no shield)
rNeg    . . .        h - +0 acid dragon scales
rPois   ∞            m - +1 helmet
rElec   +            p - +2 cloak {rPois}
rCorr   +            b - +2 pair of gloves
SInv    .            (boots unavailable)
Will    +++..        f - amulet of regeneration
Stlth   +            Q - ring of Ceam {rC+ MP+9 Int+3}
HPRegen 1.29/turn    j - ring "Sacredat" {*Slow rElec rC+ AC+4 Int+8}
MPRegen 0.00/turn

%: slow self (1%), repel missiles, infuse magic (-15 HP)
@: flying, slowed, studying 2 skills, very slow
A: sickness immunity, fire resistance 2, cold vulnerability 1, float, innate
caster, HP casting, extra vitality 1, deterioration 1, strong-willed 1, weak 1,
devolution 1
}: 2/15 runes: barnacled, gossamer
a: Renounce Religion, Upheaval, Elemental Force, Disaster Area


You were on level 5 of the Pits of Slime.
You worshipped Qazlal.
Qazlal was extremely pleased with you.
You visited 8 branches of the dungeon, and saw 39 of its levels.
You visited 1 bazaar.
You also visited: Ice Cave and Wizlab.

You collected 5181 gold pieces.
You spent 615 gold pieces at shops.

Inventory:

Hand Weapons
 A - the +17 lance "Wyrmbane" (weapon) {slay drac, rPois rF+ rC+ AC+3}
   (You found it in a wizard's laboratory)

   AC:        It affects your AC (+3).
   rF:        It protects you from fire.
   rC:        It protects you from cold.
   rPois:     It protects you from poison.
 C - the +4 dagger of Gozag's Esteem {spect, Will- Str+3 Int+4 Dex+2}
   (You found it on level 4 of the Shoals)

   Str:       It affects your strength (+3).
   Int:       It affects your intelligence (+4).
   Dex:       It affects your dexterity (+2).
   Will:      It decreases your willpower.
 P - the +8 trident of Xuxkerph {antimagic, Dex+5}
   (You found it on level 1 of the Spider Nest)

   Dex:       It affects your dexterity (+5).
 X - a +9 whip of holy wrath
Missiles
 u - 16 silver javelins
Armour
 b - a +2 pair of gloves (worn)
 e - a +2 buckler
 h - +0 acid dragon scales (worn)
 m - a +1 helmet (worn)
 p - a +2 cloak of poison resistance (worn)
 t - a +3 troll leather armour
 w - the +10 tower shield of the True Pharaoh {Will++ Dex+2 Stlth+}
   (You acquired it on level 2 of the Shoals)

   Dex:       It affects your dexterity (+2).
   Will:      It greatly increases your willpower.
   Stlth:     It makes you more stealthy.
Magical Staves
 J - a staff of fire
 N - a staff of air
Jewellery
 f - an amulet of regeneration (around neck)
 j - the ring "Sacredat" (right hand) {*Slow rElec rC+ AC+4 Int+8}
   (You found it on level 2 of the Dungeon)

   [ring of protection]

   AC:        It affects your AC (+4).
   Int:       It affects your intelligence (+8).
   rC:        It protects you from cold.
   rElec:     It insulates you from electricity.
   *Slow:     It may slow you when you take damage.
 k - the ring "Odghan" {Ice rElec Int+3}
   (You found it in a wizard's laboratory)

   [ring of ice]

   It enhances your ice magic.
   Int:       It affects your intelligence (+3).
   rF:        It makes you vulnerable to fire.
   rC:        It protects you from cold.
   rElec:     It insulates you from electricity.
 o - the ring "Zaitod" {rElec rN+ Will++ Int-3 SInv}
   (You found it in a wizard's laboratory)

   [ring of see invisible]

   Int:       It affects your intelligence (-3).
   rElec:     It insulates you from electricity.
   rN:        It protects you from negative energy.
   SInv:      It lets you see invisible.
   Will:      It greatly increases your willpower.
 L - the ring of Tontutesch {Fire Int+5}
   (You took it off an ironbound thunderhulk in a wizard's laboratory)

   [ring of fire]

   It enhances your fire magic.
   Int:       It affects your intelligence (+5).
   rF:        It protects you from fire.
   rC:        It makes you vulnerable to cold.
 Q - the ring of Ceam (left hand) {rC+ MP+9 Int+3}
   (You found it on level 1 of the Shoals)

   [ring of magical power]

   Int:       It affects your intelligence (+3).
   rC:        It protects you from cold.
   MP:        It affects your magic capacity (+9).
Wands
 a - a wand of paralysis (21)
 q - a wand of polymorph (19)
 s - a wand of flame (89)
 G - a wand of digging (9)
 H - a wand of iceblast (28)
 T - a wand of acid (8)
 U - a wand of mindburst (25)
Scrolls
 i - 3 scrolls of butterflies
 x - 11 scrolls of teleportation
 z - 4 scrolls of torment
 D - 5 scrolls of fog
 E - 3 scrolls of blinking
 K - 9 scrolls of fear
 R - 6 scrolls of vulnerability
 W - 7 scrolls of immolation
 Y - a scroll of silence
Potions
 c - 10 potions of might
 d - 6 potions of ambrosia
 r - a potion of haste
 v - 13 potions of curing
 y - 4 potions of cancellation
 B - 12 potions of heal wounds
 F - 5 potions of brilliance
 I - 5 potions of lignification
 S - 2 potions of mutation
 V - 5 potions of enlightenment
 Z - 2 potions of berserk rage
Miscellaneous
 g - a phantom mirror (inert)
 l - a phial of floods
 n - a condenser vane
 M - a lightning rod (4/4)
 O - a box of beasts (inert)


   Skills:
 * Level 19.1 Fighting
 - Level 10.1(11.0) Maces & Flails
 * Level 5.5(7.1) Polearms
 - Level 7.5(11.0) Staves
 + Level 14.7 Armour
 + Level 16.4 Dodging
 - Level 3.0 Stealth
 * Level 15.5 Shields
 * Level 13.1 Spellcasting
 * Level 13.1 Conjurations
 * Level 13.1 Hexes
 * Level 13.1 Summonings
 * Level 13.1 Necromancy
 * Level 13.6 Translocations
 * Level 13.1 Transmutations
 * Level 13.1 Fire Magic
 * Level 13.1 Ice Magic
 * Level 13.1 Air Magic
 * Level 17.8 Earth Magic
 * Level 13.1 Poison Magic
 - Level 9.1 Invocations
 - Level 1.0 Shapeshifting


You knew the following spells:

 Your Spells              Type           Power      Damage    Failure   Level
a - Magic Dart            Conj           100%       1d8       0%          1
b - Slow                  Hex            100%       N/A       0%          1
c - Blink                 Tloc           100%       N/A       1%          2
d - Call Imp              Summ           100%       N/A       1%          2
e - Mephitic Cloud        Conj/Pois/Air  83%        N/A       1%          3
f - Shock                 Conj/Air       100%       1d9       0%          1
g - Scorch                Fire           100%       2d9       1%          2
h - Hailstorm             Conj/Ice       83%        3d17      1%          3
i - Airstrike             Air            41%        2d(6-22)  1%          4
j - Cause Fear            Hex            41%        N/A       1%          4
k - Iskenderun's Battles  Conj           83%        2d13      1%          5
l - Dispersal             Tloc           42%        N/A       1%          6
m - Enfeeble              Hex            41%        N/A       12%         7
n - Summon Hydra          Summ           41%        N/A       12%         7
o - Ozocubu's Refrigerat  Ice            41%        4d16      12%         7
p - Borgnjor's Revivific  Necr           41%        N/A       67%         8
Your spell library was empty.

Dungeon Overview and Level Annotations

Branches:
Dungeon (15/15)            Temple (1/1) D:7            Lair (5/5) D:9
 Shoals (4/4) Lair:2       Spider (4/4) Lair:2        Slime (5/5) Lair:4
    Orc (2/2) D:12            Elf (0/3) Orc:2        Vaults (0/5) D:14
 Depths (3/4) D:15          IceCv (visited)          WizLab (visited)

Altars:
Ashenzari
Cheibriados
Dithmenos
Elyvilon
Fedhas
Gozag
Hepliaklqana
Makhleb
Nemelex Xobeh
Okawaru
Qazlal
Ru
Trog
Uskayaw
Wu Jian
Xom
Yredelemnul
Zin
The Shining One
Jiyva

Shops:
D:12 [   Orc:1 [   Orc:2 *!(:*[(   Shoals:2 ==*!:

Portals:
Hell: Depths:1 Depths:2 Depths:3
Abyss: Depths:3
Pandemonium: Depths:2

Annotations:
D:14 1 runed translucent door, exclusion: orange crystal statue
Shoals:4 6 transporters
Slime:5 Royal Jelly


Innate Abilities, Weirdness & Mutations

You are immune to sickness and miasma.
You are immune to poison.
Your flesh is very heat resistant. (rF++)
You are vulnerable to cold. (rC-)
You float through the air rather than walking.
You learn spells naturally, not from books.
Your magical power is your life essence.
You have superior vitality. (+4 MHP)
Your body sometimes deteriorates upon taking damage.
You are strong-willed. (Will+)
You are weak. (Str -2)
You have hidden genetic defects.


Message History

The quicksilver ooze is engulfed in a thunderstorm.
Your fire elemental hits the rockslime.
Your fire elemental burns the rockslime!
The rockslime completely resists.
The quicksilver ooze completely misses you.
The quicksilver ooze barely misses you.
You block the quicksilver ooze's attack.
The quicksilver ooze hits you but does no damage.
The quicksilver ooze is engulfed in blazing flames.
You kill the quicksilver ooze!
That felt strangely unrewarding.
The quicksilver ooze is engulfed in a thunderstorm.
You kill the quicksilver ooze!
That felt strangely unrewarding.
The rockslime hits your fire elemental!!
Your fire elemental holds its ground!
Your fire elemental is destroyed!
Your fire elemental disappears in a puff of smoke!
The acid blob spits acid at you. The splash of acid hits you! You resist.
* * * LOW HITPOINT WARNING * * *
You block the azure jelly's attack. The azure jelly misses you.
The azure jelly hits you but does no damage. x2
The acid blob spits acid at you. The splash of acid hits you. You resist.
* * * LOW HITPOINT WARNING * * *
The quicksilver ooze barely misses you.
The quicksilver ooze completely misses you.
The quicksilver ooze barely misses you. The quicksilver ooze hits you!
* * * LOW HITPOINT WARNING * * *
There is a stone staircase leading up here.
The acid blob closely misses you.
The azure jelly hits you but does no damage. x2
The azure jelly barely misses you. The azure jelly closely misses you.
The quicksilver ooze is engulfed in freezing vapours.
The quicksilver ooze barely misses you.
The quicksilver ooze hits you but does no damage.
The quicksilver ooze barely misses you. The quicksilver ooze misses you.
The Royal Jelly hits you!!
You die...

########## #..#J..#.##
####....§....#####
####..............#.#
##.........§....§.°..##
##..........○...JJ.....##
..............§○@J......##
..............○JJJ.......##
.............°.°JJ........#
................J.........#
.........................##
.........................###
...........................#
..........J................#
................§......☼..##


You could see the Royal Jelly, 3 acid blobs, 2 azure jellies, 2 rockslimes and 3
quicksilver oozes.

Vanquished Creatures
  Arachne (Spider:3)
  Rupert (Orc:2)
  An electric golem (WizLab)
  Jorgrun (D:12)
  A walking earthen tome (Depths:2)
  3 tentacled monstrosities
  4 liches
  15 acid blobs
  A walking frostbound tome (Depths:2)
  2 krakens
  The ghost of Dojos the Severer, an adept NaFi of Okawaru (Spider:3)
  3 sphinxes
  The ghost of themarg the Stormcaller, an adept TeCj of Ashenzari (Shoals:2)
  Aizul (Depths:1)
  2 shadow dragons
  A storm dragon (Depths:2)
  6 rockslimes
  Ilsuiw (Shoals:1)
  4 frost giants
  12 azure jellies
  2 balrugs (Depths:3)
  6 ghost moths
  2 iron dragons (Depths:2)
  9 emperor scorpions
  6 fire giants
  An orc warlord (Orc:2)
  An angel (WizLab)
  An ironbound preserver (WizLab)
  3 stone giants
  3 war gargoyles (WizLab)
  2 spriggan defenders (Depths:2)
  17 quicksilver oozes
  4 very ugly things
  4 broodmothers
  5 formless jellyfish
  3 ironbound thunderhulks (WizLab)
  6 spark wasps
  The ghost of Yvvueqof the Covert, a journeyman FeEn of Dithmenos (Spider:3)
  4 merfolk javelineers
  11 merfolk impalers
  2 ettins
  7 fire dragons
  Josephine (D:12)
  12 great orbs of eyes
  4 entropy weavers
  A rakshasa (Depths:1)
  2 spriggan air magi (Depths:2)
  3 vault guards (D:14)
  6 hydras
  3 radroaches
  5 ice dragons
  The ghost of Shayle the Martial Artist, a journeyman GnSh of Ashenzari (Lair:1)
  4 alligator snapping turtles (Shoals:4)
  5 peacekeepers (WizLab)
  6 merfolk aquamancers
  A catoblepas (Lair:3)
  An ogre mage (Orc:1)
  6 boulder beetles
  2 jorogumos (Spider:3)
  2 merfolk avatars
  9 centaur warriors
  4 deep troll shamans
  A death scarab (Spider:3)
  Erica (D:8)
  2 tengu warriors (Depths:1)
  2 satyrs (Shoals:3)
  3 two-headed ogres
  A death yak (Lair:3)
  5 spriggan berserkers
  Urug (Lair:4)
  7 demonic crawlers
  7 deep troll earth magi
  6 orc high priests
  2 hell knights
  3 iron trolls
  A storm dragon zombie (D:15)
  5 skysharks
  A titan skeleton (Depths:1)
  2 sun moths (Spider:3)
  11 pharaoh ants
  8 skeletal warriors
  A flayed ghost (D:15)
  A swamp dragon (Lair:5)
  4 sea snakes
  16 deep trolls
  12 orb spiders
  4 wizards
  5 glowing orange brains
  A deep elf zephyrmancer (D:11)
  A deep elf pyromancer (D:15)
  A golden dragon skeleton (Depths:1)
  A sphinx zombie (D:15)
  Pikel (D:8)
  6 steelbarb worms
  5 orc knights
  6 harpies
  3 necromancers
  3 shining eyes
  6 ugly things
  14 cyclopes
  A wolf spider (shapeshifter) (D:15)
  8 fauns
  8 orc sorcerers
  3 salamanders (WizLab)
  32 wolf spiders
  6 moths of wrath
  2 oklob plants (Lair:4)
  10 manticores
  17 nameless horrors
  A frost giant skeleton (D:15)
  2 water nymphs
  2 molten gargoyles (WizLab)
  7 black mambas
  A guardian serpent (Lair:5)
  9 merfolk sirens
  20 cane toads
  2 torpor snails
  6 gargoyles
  2 eyes of devastation
  4 unseen horrors
  4 rime drakes
  10 komodo dragons
  2 kobold demonologists (D:10)
  A freezing wraith (D:14)
  A yaktaur (D:14)
  Psyche (D:8)
  2 tengu conjurers
  2 anaconda simulacra
  2 golden dragon simulacra (IceCv)
  2 wind drakes
  23 merfolk
  A polar bear (Lair:1)
  2 wind drakes (shapeshifter)
  8 trolls
  10 hornets
  2 spriggan zombies
  9 snapping turtles
  27 tarantellas
  13 blink frogs
  A spectral dream sheep (Lair:1)
  28 dream sheep
  58 slime creatures
  40 jumping spiders
  2 spriggans (Depths:3)
  9 water elementals
  22 culicivoras
  4 shadows
  5 wraiths
  12 wyverns
  63 yaks
  7 basilisks
  A steam dragon (Lair:5)
  A chaos spawn (Depths:2)
  2 humans (D:14)
  74 redbacks
  A fire elemental (WizLab)
  9 golden eyes
  4 vampire mosquitoes (D:14)
  A death yak simulacrum (Lair:1)
  4 wargs
  3 harpy simulacra
  6 acid dragons
  24 water moccasins
  2 hydra simulacra (Lair:1)
  A floating eye (Depths:3)
  34 orc warriors
  An alligator simulacrum (Shoals:1)
  A swamp drake (Lair:5)
  An ettin simulacrum (IceCv)
  A boulder beetle simulacrum (Lair:1)
  2 ice beasts
  8 ogres
  5 black bears
  13 wolves
  9 boggarts
  8 centaurs
  A lemure (D:8)
  4 kobold brigands
  11 bullfrogs
  A gnoll sergeant (D:9)
  4 earth elementals (WizLab)
  3 deep troll simulacra (Shoals:1)
  3 scorpions
  3 wights (D:8)
  3 lindwurm simulacra
  9 killer bees (D:8)
  A howler monkey (D:14)
  A rime drake simulacrum (Lair:1)
  4 electric eels
  A lava snake (D:15)
  3 jellies
  5 hounds
  25 orc priests
  A gnoll bouda (D:7)
  A sleepcap (D:6)
  8 iguanas
  Ijyb (D:3)
  Natasha (D:2)
  Terence (D:3)
  39 orc wizards
  2 hell rats (Lair:5)
  2 lightning spires (WizLab)
  Robin (D:2)
  5 adders
  18 gnolls
  8 river rats (Lair:5)
  3 shadow imps
  A white imp (D:7)
  A worm (D:4)
  2 dart slugs
  100 orcs
  6 ball pythons
  7 endoplasms
  5 giant cockroaches
  22 goblins
  10 hobgoblins
  3 jackals (D:3)
  14 kobolds
  A quokka (D:4)
  6 bats
  3 frilled lizards
  6 rats
  2 tentacles (Shoals:4)
1494 creatures vanquished.

Vanquished Creatures (collateral kills)
  A caustic shrike (Depths:2)
  Mlioglotl (Shoals:4)
  A walking earthen tome (Depths:2)
  A sphinx (Depths:2)
  2 titans (Depths:2)
  7 acid blobs (Slime:5)
  7 rockslimes
  An azure jelly (Slime:5)
  2 fire giants
  4 frost giants
  A formless jellyfish (Slime:2)
  4 very ugly things (Depths:2)
  2 ironbound thunderhulks (WizLab)
  A cacodemon (Depths:1)
  A stone giant (Depths:1)
  4 quicksilver oozes
  2 spark wasps (Depths:2)
  A crystal guardian (WizLab)
  2 fire dragons
  2 great orbs of eyes (Slime:5)
  A rakshasa (Depths:1)
  2 peacekeepers (WizLab)
  A spriggan air mage (Depths:2)
  A vault guard (D:14)
  A radroach (Spider:3)
  A salamander tyrant (WizLab)
  2 deep troll shamans (Depths:2)
  3 boulder beetles
  A tengu warrior (D:14)
  6 deep troll earth magi
  A spriggan berserker (Depths:3)
  3 iron trolls (Depths:2)
  A skeletal warrior (D:14)
  5 nameless horrors
  An orb spider (Spider:4)
  3 deep trolls
  2 orc knights (Orc:2)
  3 fauns (Shoals:2)
  2 wolf spiders
  2 manticores (Shoals:2)
  5 ugly things
  2 oklob plants (Lair:4)
  3 merfolk sirens
  3 molten gargoyles (WizLab)
  A gargoyle (WizLab)
  3 merfolk (Shoals:2)
  2 tarantellas (Spider:3)
  2 jumping spiders
  7 slime creatures
  2 water elementals
  A fire elemental (WizLab)
  2 neqoxecs (Depths:2)
  2 redbacks
  A spectral cane toad (Lair:1)
  2 orc warriors (Orc:2)
  2 lemures (D:8)
  A bullfrog (D:7)
  A gnoll sergeant (D:6)
  An earth elemental (WizLab)
  Crazy Yiuf (D:2)
  Natasha (twice) (D:2)
  A gnoll (D:7)
  A worm (D:3)
  A dart slug (D:3)
  4 orcs
  A giant cockroach (D:3)
  4 goblins
  A hobgoblin (D:2)
  2 ball pythons
150 creatures vanquished.

Vanquished Creatures (others)
  A culicivora (Spider:3)
  2 yaks (Lair:2)
  30 tentacles
33 creatures vanquished.

Grand Total: 1677 creatures vanquished

Notes
Turn   | Place    | Note
-------+----------+-------------------------------------------
     0 | D:1      | javelincjr the Djinni Hedge Wizard began the quest for the
                  | Orb.
     0 | D:1      | javelincjr set off with the following spells memorised:
                  | Magic Dart, Slow, Blink, Call Imp, Mephitic Cloud.
     0 | D:1      | Reached XP level 1. HP: 15/15 MP: 0/0
    67 | D:1      | Reached XP level 2. HP: 8/21 MP: 0/0
   334 | D:1      | Reached skill level 1 in Fighting
   652 | D:1      | Reached XP level 3. HP: 25/27 MP: 0/0
   652 | D:1      | Learned a level 1 spell: Shock
   896 | D:2      | Identified the ring "Sacredat" {*Slow rElec rC+ AC+4 Int+8}
  1113 | D:2      | Found a faded altar of an unknown god.
  1279 | D:2      | Noticed Robin
  1296 | D:2      | Reached XP level 4. HP: 33/33 MP: 0/0
  1299 | D:2      | Reached skill level 2 in Fighting
  1302 | D:2      | Killed Robin
  1410 | D:2      | Noticed Natasha
  1423 | D:2      | Killed Natasha
  1492 | D:2      | Noticed Natasha
  1504 | D:2      | Killed Natasha
  1505 | D:2      | Reached XP level 5. HP: 32/39 MP: 0/0
  1505 | D:2      | Learned a level 2 spell: Scorch
  1753 | D:2      | Found a runed translucent door.
  1754 | D:2      | Noticed Crazy Yiuf
  1761 | D:2      | Killed Crazy Yiuf
  1859 | D:2      | Noticed Natasha
  1907 | D:2      | Killed Natasha
  1908 | D:2      | Reached skill level 3 in Fighting
  2113 | D:3      | Reached XP level 6. HP: 39/46 MP: 0/0
  2198 | D:3      | Noticed Ijyb
  2213 | D:3      | Killed Ijyb
  2341 | D:3      | Noticed Terence
  2347 | D:3      | Killed Terence
  3132 | D:4      | Reached skill level 4 in Fighting
  3260 | D:4      | Reached XP level 7. HP: 42/52 MP: 0/0
  3260 | D:4      | Learned a level 3 spell: Hailstorm
  3685 | D:5      | Entered Level 5 of the Dungeon
  3697 | D:5      | Reached skill level 1 in Armour
  4266 | D:5      | Found a shadowy altar of Dithmenos.
  4399 | D:5      | Reached skill level 1 in Shields
  4537 | D:6      | Reached skill level 5 in Fighting
  4656 | D:6      | Reached XP level 8. HP: 54/59 MP: 0/0
  4664 | D:6      | Reached skill level 1 in Shapeshifting
  4804 | D:6      | Reached skill level 1 in Staves
  4912 | D:6      | Found a bloodstained altar of Trog.
  5093 | D:6      | Reached skill level 5 in Dodging
  5452 | D:6      | Reached XP level 9. HP: 66/66 MP: 0/0
  5452 | D:6      | Learned a level 4 spell: Airstrike
  5603 | D:7      | Reached skill level 6 in Fighting
  5856 | D:7      | Reached skill level 5 in Earth Magic
  5979 | D:7      | Found a staircase to the Ecumenical Temple.
  5995 | D:7      | Found an iron altar of Okawaru.
  6005 | Temple   | Entered the Ecumenical Temple
  6383 | D:7      | Found a glowing silver altar of Zin.
  6869 | D:8      | Identified the +0 leather armour of Happy Babbling {rF+
                  | Str+3}
  6917 | D:8      | Identified the +3 whip "Wooseulips" {vamp, Drain +Blink
                  | rElec rC+}
  7102 | D:8      | Noticed Pikel
  7125 | D:8      | Killed Pikel
  7126 | D:8      | Reached skill level 7 in Fighting
  7126 | D:8      | Reached skill level 1 in Maces & Flails
  7126 | D:8      | Reached skill level 5 in Spellcasting
  7126 | D:8      | Reached skill level 5 in Conjurations
  7126 | D:8      | Reached skill level 5 in Hexes
  7126 | D:8      | Reached skill level 5 in Summonings
  7126 | D:8      | Reached skill level 5 in Necromancy
  7126 | D:8      | Reached skill level 5 in Translocations
  7126 | D:8      | Reached skill level 5 in Transmutations
  7126 | D:8      | Reached skill level 5 in Fire Magic
  7126 | D:8      | Reached skill level 5 in Ice Magic
  7126 | D:8      | Reached skill level 5 in Air Magic
  7126 | D:8      | Reached skill level 5 in Poison Magic
  7126 | D:8      | Reached XP level 10. HP: 18/75 MP: 0/0
  7320 | D:8      | Noticed Psyche
  7322 | D:8      | Killed Psyche
  7715 | D:8      | Noticed Erica
  7718 | D:8      | Killed Erica
  7719 | D:8      | Reached skill level 8 in Fighting
  7793 | D:8      | Found a sacrificial altar of Ru.
  8129 | D:9      | Reached skill level 5 in Armour
  8129 | D:9      | Reached XP level 11. HP: 55/82 MP: 0/0
  8129 | D:9      | Learned a level 4 spell: Cause Fear
  8217 | D:9      | Found a staircase to the Lair.
  8478 | D:9      | Reached skill level 5 in Shields
  8708 | D:9      | Found a stormy altar of Qazlal.
  8708 | D:9      | Found an opulent altar of Gozag.
  8712 | D:9      | Became a worshipper of Qazlal Stormbringer
  9196 | D:10     | Entered Level 10 of the Dungeon
  9462 | D:10     | Reached skill level 9 in Fighting
 10127 | D:10     | Reached * piety under Qazlal
 10711 | D:11     | Noticed a manticore
 10713 | D:11     | Noticed a two-headed ogre
 10716 | D:11     | Killed a manticore
 10723 | D:11     | Killed a two-headed ogre
 10724 | D:11     | Reached skill level 5 in Staves
 11080 | D:11     | Found a gateway to a bazaar.
 11095 | Bazaar   | Entered a bazaar
 11099 | Bazaar   | Found Zapy's Jewellery Emporium.
 11110 | Bazaar   | Found Fuovaam's Antique Weapon Boutique.
 11118 | Bazaar   | Found Zoecaitz's Antique Armour Boutique.
 11129 | Bazaar   | Found Virhulad's Magic Scroll Emporium.
 11140 | Bazaar   | Found Qoecuigh's General Store.
 11163 | Bazaar   | Bought an amulet of regeneration for 300 gold pieces
 11181 | D:11     | Noticed a cyclops
 11184 | D:11     | Killed a cyclops
 11184 | D:11     | Noticed a manticore
 11185 | D:11     | Reached XP level 12. HP: 85/91 MP: 0/0
 11708 | D:11     | Reached skill level 10 in Fighting
 12000 | D:12     | Found an opulent altar of Gozag.
 12043 | D:12     | Noticed a boulder beetle
 12047 | D:12     | Noticed a two-headed ogre
 12061 | D:12     | Killed a two-headed ogre
 12084 | D:12     | Killed a boulder beetle
 12251 | D:12     | Noticed a boulder beetle
 12294 | D:12     | Killed a boulder beetle
 12447 | D:12     | Reached ** piety under Qazlal
 12471 | D:12     | Noticed Jorgrun
 12480 | D:12     | Killed Jorgrun
 12481 | D:12     | Reached XP level 13. HP: 78/98 MP: 0/0
 12481 | D:12     | Learned a level 5 spell: Iskenderun's Battlesphere
 12547 | D:12     | Found a staircase to the Orcish Mines.
 12686 | D:12     | Found Poag's Armour Shoppe.
 12706 | D:12     | Noticed Josephine
 12718 | D:12     | Killed Josephine
 12722 | D:12     | Reached skill level 11 in Fighting
 13088 | D:13     | Noticed a four-headed hydra
 13099 | D:13     | Killed a four-headed hydra
 13100 | D:13     | Reached skill level 5 in Maces & Flails
 13121 | D:13     | Noticed a centaur warrior
 13127 | D:13     | Killed a centaur warrior
 13463 | Lair:1   | Entered Level 1 of the Lair of Beasts
 13686 | Lair:1   | Found a runed translucent gate.
 13686 | Lair:1   | Found a runed translucent gate.
 13689 | Lair:1   | Found a runed translucent gate.
 13693 | Lair:1   | Noticed Shayle's ghost (journeyman GnSh)
 13808 | Lair:1   | Killed Shayle's ghost
 13832 | Lair:1   | Reached *** piety under Qazlal
 14414 | Lair:2   | Reached XP level 14. HP: 91/106 MP: 0/0
 14432 | Lair:2   | Reached skill level 12 in Fighting
 14472 | Lair:2   | Found a hole to the Spider Nest.
 14652 | Lair:2   | Reached **** piety under Qazlal
 14736 | Lair:2   | Reached skill level 10 in Earth Magic
 14748 | Lair:2   | Found a staircase to the Shoals.
 15283 | Lair:3   | Identified the +2 cloak of Subjectivity {Harm rN+ Int-2
                  | Dex+3}
 15344 | Lair:3   | Reached skill level 10 in Dodging
 16093 | Lair:4   | Noticed Urug
 16103 | Lair:4   | Reached ***** piety under Qazlal
 16114 | Lair:4   | Killed Urug
 16253 | Lair:4   | Found a viscous altar of Jiyva.
 16253 | Lair:4   | Found a staircase to the Slime Pits.
 16508 | Lair:5   | Entered Level 5 of the Lair of Beasts
 16564 | Lair:5   | Reached skill level 13 in Fighting
 16604 | Lair:5   | Reached XP level 15. HP: 114/114 MP: 0/0
 16604 | Lair:5   | Learned a level 6 spell: Dispersal
 17876 | Spider:1 | Entered Level 1 of the Spider Nest
 17979 | Spider:1 | Noticed an emperor scorpion
 17996 | Spider:1 | Reached skill level 1 in Invocations
 18020 | Spider:1 | Killed an emperor scorpion
 18111 | Spider:1 | Identified the +8 trident of Xuxkerph {antimagic, Dex+5}
 18365 | Spider:1 | Reached ****** piety under Qazlal
 18850 | Spider:2 | Reached skill level 14 in Fighting
 18864 | Spider:1 | Reached XP level 16. HP: 39/123 MP: 0/0
 19129 | Spider:2 | Noticed an emperor scorpion
 19141 | Spider:2 | Killed an emperor scorpion
 19681 | Spider:3 | Noticed an emperor scorpion
 19935 | Spider:3 | Reached skill level 10 in Armour
 19953 | Spider:2 | Reached skill level 5 in Invocations
 20036 | Spider:3 | Reached skill level 10 in Shields
 20067 | Spider:3 | Gained mutation: Your spells are a little easier to cast,
                  | but a little less powerful. [mutagenic glow]
 20536 | Spider:3 | Noticed an emperor scorpion
 20551 | Spider:3 | Reached XP level 17. HP: 122/130 MP: 0/0
 20551 | Spider:3 | Learned a level 7 spell: Enfeeble
 20855 | Spider:3 | Reached skill level 15 in Fighting
 20927 | Spider:3 | Noticed Arachne
 20946 | Spider:3 | Killed Arachne
 21239 | Spider:3 | Found a runed translucent gate.
 21239 | Spider:3 | Found a runed translucent gate.
 21239 | Spider:3 | Found a runed translucent gate.
 21240 | Spider:3 | Noticed Yvvueqof's ghost (journeyman FeEn)
 21241 | Spider:3 | Noticed Dojos's ghost (adept NaFi)
 21261 | Spider:3 | Killed Yvvueqof's ghost
 21286 | Spider:3 | Killed Dojos's ghost
 21508 | Spider:4 | Entered Level 4 of the Spider Nest
 22130 | Spider:3 | Lost mutation: Your spells are a little easier to cast, but
                  | a little less powerful. [potion of mutation]
 22130 | Spider:3 | Gained mutation: You are strong-willed. (Will+) [potion of
                  | mutation]
 22139 | Spider:4 | Upgraded the game from 0.31-a0-360-gb3e1d13bf4 to
                  | 0.31-a0-365-gcf821cafb2
 22223 | Spider:4 | Identified the +1 leather armour of a sewer {Harm *Corrode
                  | Stlth+}
 22416 | Spider:4 | Reached XP level 18. HP: 51/138 MP: 0/0
 22597 | Spider:4 | Reached skill level 10 in Spellcasting
 22597 | Spider:4 | Reached skill level 10 in Conjurations
 22597 | Spider:4 | Reached skill level 10 in Hexes
 22597 | Spider:4 | Reached skill level 10 in Summonings
 22597 | Spider:4 | Reached skill level 10 in Necromancy
 22597 | Spider:4 | Reached skill level 10 in Translocations
 22597 | Spider:4 | Reached skill level 10 in Transmutations
 22597 | Spider:4 | Reached skill level 10 in Fire Magic
 22597 | Spider:4 | Reached skill level 10 in Ice Magic
 22597 | Spider:4 | Reached skill level 10 in Air Magic
 22597 | Spider:4 | Reached skill level 10 in Poison Magic
 22916 | Spider:4 | Identified the +1 pair of boots "Bavvuog" {Harm Stlth+}
 22918 | Spider:4 | Got a gossamer rune of Zot
 23168 | Shoals:1 | Entered Level 1 of the Shoals
 23237 | Shoals:1 | Found a frozen archway.
 23291 | IceCv    | Entered an ice cave
 23331 | IceCv    | Found a transporter.
 23336 | IceCv    | Found the +3 greatsling "Punk" {acid, rCorr}
 23344 | IceCv    | Found a transporter.
 23618 | Shoals:1 | Noticed a kraken
 23651 | Shoals:1 | Killed a kraken
 23680 | Shoals:1 | Noticed a tentacled monstrosity
 23702 | Shoals:1 | Killed a tentacled monstrosity
 23724 | Shoals:1 | Identified the ring of Ceam {rC+ MP+9 Int+3}
 24046 | Shoals:2 | Noticed Ilsuiw
 24061 | Shoals:2 | Reached skill level 16 in Fighting
 24076 | Shoals:1 | Killed Ilsuiw
 24196 | Shoals:2 | Found Lawuopli's Distillery.
 24208 | Shoals:2 | Found Yqarch's Book Boutique.
 24544 | Shoals:2 | Found Jyucum's Jewellery Emporium.
 24551 | Shoals:2 | Found a runed translucent door.
 24554 | Shoals:2 | Noticed themarg's ghost (adept TeCj)
 24574 | Shoals:2 | Killed themarg's ghost
 24589 | Shoals:2 | Identified a scroll of acquirement
 24589 | Shoals:2 | Acquired the +10 tower shield of the True Pharaoh {Will++
                  | Dex+2 Stlth+}
 24621 | Shoals:2 | Found Kimpe's Jewellery Shoppe.
 24741 | Shoals:2 | Found Delloven's Assorted Antiques.
 24964 | Shoals:3 | Reached XP level 19. HP: 115/145 MP: 0/0
 24964 | Shoals:3 | Learned a level 7 spell: Summon Hydra
 25919 | Shoals:4 | Entered Level 4 of the Shoals
 25922 | Shoals:4 | Noticed Mlioglotl
 25934 | Shoals:4 | Killed Mlioglotl
 26417 | Shoals:4 | Got a barnacled rune of Zot
 26549 | Shoals:4 | Found a transporter.
 26552 | Shoals:4 | Found a transporter.
 26558 | Shoals:4 | Identified the +4 dagger of Gozag's Esteem {spect, Will-
                  | Str+3 Int+4 Dex+2}
 26572 | Shoals:4 | Found a transporter.
 26579 | Shoals:4 | Found a transporter.
 26580 | Shoals:4 | Found a transporter.
 26582 | Shoals:4 | Found a transporter.
 27035 | Shoals:4 | Identified the +0 spear of Arrival {venom, rElec}
 27531 | Orc:1    | Entered Level 1 of the Orcish Mines
 27789 | Orc:1    | Found Qocrie's Armour Boutique.
 28146 | Orc:2    | Entered Level 2 of the Orcish Mines
 28146 | Orc:2    | Found Zuomev's Distillery.
 28192 | Orc:2    | Found a staircase to the Elven Halls.
 28223 | Orc:2    | Found Piarchag's Antique Weapon Emporium.
 28351 | Orc:2    | Noticed Rupert
 28354 | Orc:2    | Paralysed by Rupert for 3 turns
 28362 | Orc:2    | Killed Rupert
 28469 | Orc:2    | Found Upnohig's Antique Armour Emporium.
 28470 | Orc:2    | Found Ihirus's Antique Weapon Shoppe.
 28472 | Orc:2    | Found Deecahis's General Store.
 28472 | Orc:2    | Found Jiumiemna's Book Emporium.
 28654 | Orc:2    | Found Plog's General Store.
 28659 | Orc:2    | Bought 3 scrolls of enchant weapon for 315 gold pieces
 29160 | D:14     | Reached skill level 10 in Maces & Flails
 29183 | D:14     | Reached XP level 20. HP: 138/154 MP: 0/0
 29244 | D:14     | Found a runed translucent door.
 29245 | D:14     | Found the +10 tower shield of Ignorance {rN+ Int-4}
 29270 | D:14     | Found a runed translucent door.
 29650 | D:14     | Reached skill level 17 in Fighting
 29650 | D:14     | Reached skill level 15 in Earth Magic
 29665 | D:14     | Found a gate to the Vaults.
 30238 | D:15     | Entered Level 15 of the Dungeon
 30689 | D:15     | Found a staircase to the Depths.
 30766 | D:15     | Found an opulent altar of Gozag.
 30779 | D:15     | Found a white marble altar of Elyvilon.
 30779 | D:15     | Found a shimmering altar of Xom.
 30782 | D:15     | Found a snail-covered altar of Cheibriados.
 30782 | D:15     | Found a glowing golden altar of the Shining One.
 30877 | Depths:1 | Entered Level 1 of the Depths
 31008 | Depths:1 | Noticed Aizul
 31022 | Depths:1 | Killed Aizul
 31084 | Depths:1 | Found a magical portal.
 31100 | WizLab   | Entered Maxwell's Workshop
 31394 | WizLab   | Identified the ring of Tontutesch {Fire Int+5}
 31502 | WizLab   | Identified the ring "Heevitz" {Fire rCorr Str+2}
 31633 | WizLab   | Found the +8 lance "Wyrmbane" {slay drac, rPois rF+ rC+
                  | AC+3}
 31657 | WizLab   | Reached XP level 21. HP: 137/161 MP: 0/0
 31657 | WizLab   | Learned a level 7 spell: Ozocubu's Refrigeration
 31661 | WizLab   | Noticed an electric golem
 31671 | WizLab   | Killed an electric golem
 31702 | WizLab   | Identified the +3 scale mail of Integrity {Will+}
 31709 | WizLab   | Identified the ring "Zaitod" {rElec rN+ Will++ Int-3 SInv}
 31715 | WizLab   | Identified the ring "Odghan" {Ice rElec Int+3}
 32295 | Depths:1 | Found a gateway to Hell.
 33246 | Depths:2 | Gained mutation: Your body sometimes deteriorates upon
                  | taking damage. [a cacodemon]
 33282 | Depths:2 | Gained mutation: You are weak. (Str -2) [a neqoxec]
 33293 | Depths:2 | Found a one-way gate leading to the halls of Pandemonium.
 33361 | Depths:2 | Reached skill level 18 in Fighting
 33508 | Depths:2 | Reached skill level 15 in Dodging
 33981 | Depths:2 | Reached skill level 1 in Polearms
 34703 | Depths:3 | Found a one-way gate to the infinite horrors of the Abyss.
 34895 | Depths:2 | Reached XP level 22. HP: 63/170 MP: 0/0
 34953 | Depths:3 | Noticed a caustic shrike
 35017 | Depths:3 | Paralysed by a floating eye for 2 turns
 35024 | Depths:2 | Killed a caustic shrike
 35092 | Depths:3 | Paralysed by a floating eye for 3 turns
 36186 | Depths:3 | Found a hazy altar of Hepliaklqana.
 37127 | Slime:1  | Entered Level 1 of the Pits of Slime
 37136 | Slime:1  | Reached skill level 15 in Shields
 38681 | Slime:4  | Reached XP level 23. HP: 92/176 MP: 0/0
 38681 | Slime:4  | Learned a level 8 spell: Borgnjor's Revivification
 38748 | Slime:5  | Entered Level 5 of the Pits of Slime
 38776 | Slime:5  | Reached skill level 5 in Polearms
 38890 | Slime:5  | Noticed the Royal Jelly
 39137 | Slime:5  | Gained mutation: You have hidden genetic defects. [a
                  | shining eye]
 39140 | Slime:5  | Reached skill level 19 in Fighting
 39773 | Slime:5  | Found a viscous altar of Jiyva.
 39773 | Slime:5  | Found the +27 heavy crossbow "Sniper" {heavy, Acc+∞ SInv}
 39775 | Slime:5  | Found the +3 Elemental Staff {rElec rF+ rC+ AC+3}
 40484 | Slime:5  | Demolished by the Royal Jelly

Illustrated notes

Levels and vault maps discovered:
D:1:      spicycebolla_green_bress_n_ham_2, layout_basic
D:2:      layout_basic, ebering_ecumenical_altar_webs, uniq_natasha,
          uniq_crazy_yiuf_cottage, uniq_robin
D:3:      kennysheep_goblin_castle, layout_rooms, uniq_terence
D:4:      layout_cave_pods, serial_forest, infiniplex_forest_lined_2,
          infiniplex_forest_clump_cross, infiniplex_forest_lined_2,
          infiniplex_forest_clump_medium, infiniplex_forest_end_double,
          grunt_ministairs_4
D:5:      layout_basic, mainiacjoe_overflow_alcove_1
D:6:      layout_rooms, nicolae_vehumet_radiance, trog_hazing_becter
D:7:      layout_basic, okawaru_trees_1, mainiacjoe_overflow_brackets,
          kennysheep_mini_moat, minmay_temple_entry_gardened_gates,
          hellmonk_bongcloud_opening
D:8:      layout_basic, nicolae_ru_awakened_eye, uniq_pikel, uniq_erica,
          uniq_psyche
D:9:      layout_roguey, nicolae_overflow_hidden_temple,
          mainiacjoe_overflow_divided_tiny, minmay_lair_entry_grove
D:10:     layout_long_grid
D:11:     layout_basic, serial_shops, bzr_firewalk, minmay_librarian
D:12:     layout_loops_cross, david_orc_2, serial_shops, shop,
          serial_bayou_pond_d, grunt_gozag_statues, uniq_jorgrun, uniq_josephine
D:13:     layout_roguey
D:14:     minmay_skewed_foursquare, layout_irregular_city,
          grunt_vaults_entry_fortified, chequers_guarded_unrand_ignorance
D:15:     gammafunk_depths_entry_grave, layout_cave_pools,
          nicolae_lava_and_water, hangedman_abyss_or_decor_clamps,
          doesnt_xom_only_xom
Temple:   hc_temple_tempest_star
Lair:1:   layout_roguey, gammafunk_ghost_necromancy, grunt_megastairs_3
Lair:2:   layout_chaotic_city, minmay_shoals_entry_beasts,
          hellmonk_spider_entry_life_and_decay, serial_bayou_shore_a
Lair:3:   layout_gridlike, hangedman_lair_generics_rect, lemuel_fruit_tree
Lair:4:   layout_big_grid, minmay_slime_entry_oklob_enclosed, uniq_urug
Lair:5:   hangedman_lair_tendril_chambers, layout_loops_ring,
          guppyfry_lair_end_dragon, kennysheep_rathole
Shoals:1: dreamdust_from_the_deep, layout_shoals,
          portal_ice_cave_entry_ice_simulacra
Shoals:2: layout_shoals, hellmonk_ghost_happy_afterlife, serial_shops,
          nicolae_shop_stone, shop, shop, nicolae_shop_stone, shop, uniq_ilsuiw
Shoals:3: layout_shoals, st_sunken_temple
Shoals:4: shoals_end_hangedman, layout_shoals, serial_nicolae_subway,
          nicolae_sub_station_crystal, nicolae_sub_station_stone,
          nicolae_sub_station_metal, uniq_mlioglotl
Spider:1: layout_spider_delve
Spider:2: layout_spider_delve
Spider:3: nicolae_spider_hilbert_zone_4 [nicolae_spider_hilbert_4_sides_2_open,
          nicolae_spider_hilbert_4_sides_1_open,
          nicolae_spider_hilbert_4_sides_1_open,
          nicolae_spider_hilbert_4_sides_1_open,
          nicolae_spider_hilbert_4_sides_1_open,
          nicolae_spider_hilbert_2_sides_1_open,
          nicolae_spider_hilbert_2_sides_1_open,
          nicolae_spider_hilbert_2_sides_1_open,
          nicolae_spider_hilbert_2_sides_1_open,
          nicolae_spider_hilbert_6_sides_1_open,
          nicolae_spider_hilbert_6_sides_1_open,
          nicolae_spider_hilbert_3_sides_1_open,
          nicolae_spider_hilbert_3_sides_1_open], gammafunk_ghost_cemetery,
          nicolae_arachne_temple
Spider:4: spider_rune_water, nicolae_spider_claw_tunnel
Slime:1:  layout_caves
Slime:2:  layout_caves, nicolae_slime_phagocytosis
Slime:3:  layout_caves
Slime:4:  layout_caves, nicolae_slime_barrier
Slime:5:  slime_pit_nicolae_trefoil
Orc:1:    layout_caves, guppyfry_orc_lava_fort
Orc:2:    st_orc_congregation, layout_caves, serial_shops,
          nicolae_shop_rolling_square, shop, nicolae_shop_rolling_square,
          basic_altar, uniq_rupert
Depths:1: layout_honeycomb, hell_entry, infiniplex_enter_wizlab_water,
          drop_trap, minmay_stone_trees_small, lemuel_old_faithful, uniq_aizul
Depths:2: thingy_vault, layout_gridlike, rand_demon_pan_entry_5, hell_entry,
          drop_trap, chequers_serial_rivers_small_b, nicolae_fountain_basement,
          infiniplex_staircase_star
Depths:3: minmay_the_grid_square_5x5_4x4_mashed [minmay_the_grid_square_5x5_v,
          minmay_the_grid_square_5x5_inner_v, minmay_the_grid_square_5x5_mess,
          minmay_the_grid_square_5x5_checkered_sparse,
          minmay_the_grid_square_5x5_fat_x,
          minmay_the_grid_square_5x5_prize_gold,
          minmay_the_grid_square_5x5_prize_snowflake,
          minmay_the_grid_square_5x5_tetrominoes,
          minmay_the_grid_square_5x5_inner_z,
          minmay_the_grid_square_5x5_prize_pseudospiral,
          minmay_the_grid_square_5x5_prize_deathbox,
          minmay_the_grid_square_5x5_tri_point, minmay_the_grid_square_5x5_plus,
          minmay_the_grid_square_5x5_bite, minmay_the_grid_square_5x5_shrine1,
          minmay_the_grid_square_5x5_spiral_small], layout_basic, abyss_entry,
          pf_dread_powers_of_hell, nicolae_hepliaklqana_hippocampus,
          minmay_misc_feat_hallway, minmay_staircase_windowed_small

Skill      XL: |  1  2  3  4  5  6  7  8  9 10 11 12 13 14 15 16 17 18 19 20 21 22 23 |
---------------+----------------------------------------------------------------------+-----
Fighting       | 1 2 3 4 5 7 8 9 10 11 13 14 15 16 17 18 19 | 19.1
Spellcasting   | 3 4 5 6 7 8 9 10 11 12 13 | 13.1
Conjurations   | 3 4 5 6 7 8 9 10 11 12 13 | 13.1
Hexes          | 3 4 5 6 7 8 9 10 11 12 13 | 13.1
Summonings     | 3 4 5 6 7 8 9 10 11 12 13 | 13.1
Necromancy     | 3 4 5 6 7 8 9 10 11 12 13 | 13.1
Translocations | 3 4 5 6 7 8 9 10 11 12 13 | 13.6
Transmutations | 3 4 5 6 7 8 9 10 11 12 13 | 13.1
Fire Magic     | 3 4 5 6 7 8 9 10 11 12 13 | 13.1
Ice Magic      | 3 4 5 6 7 8 9 10 11 12 13 | 13.1
Air Magic      | 3 4 5 6 7 8 9 10 11 12 13 | 13.1
Earth Magic    | 3 4 6 7 8 9 10 11 12 13 14 15 16 17 | 17.8
Poison Magic   | 3 4 5 6 7 8 9 10 11 12 13 | 13.1
Stealth        | 2 3 |  3.0
Dodging        | 3 4 5 6 7 8 9 10 11 12 13 14 15 16 | 16.4
Armour         | 1 2 4 5 6 7 8 9 10 11 12 13 14 | 14.7
Shields        | 1 2 3 4 5 6 7 8 9 10 11 12 13 14 15 | 15.5
Shapeshifting  | 1 |  1.0
Staves         | 1 3 4 5 6 7 |  7.5
Maces & Flails | 1 2 3 4 5 6 7 8 9 10 | 10.1
Invocations    | 3 5 7 9 |  9.1
Polearms       | 2 4 5 |  5.5

Action                     |  1- 3 |  4- 6 |  7- 9 | 10-12 | 13-15 | 16-18 | 19-21 | 22-24 || total
---------------------------+-------+-------+-------+-------+-------+-------+-------+-------++-------
  Melee: Dagger            |    26 |    40 |     5 |       |       |       |    21 |       ||    92
         Staff             |       |       |    53 |       |       |       |       |       ||    53
         Whip              |       |       |    26 |   102 |   126 |    53 |     9 |       ||   316
         Lance             |       |       |       |       |       |       |   334 |   285 ||   619
         Punch             |       |       |       |       |       |       |    10 |     5 ||    15
   Cast: Magic Dart        |    51 |    19 |       |       |     3 |     1 |     3 |       ||    77
         Call Imp          |     3 |    11 |    14 |    12 |    31 |    22 |     1 |     1 ||    95
         Shock             |     1 |    67 |   135 |    68 |   255 |   127 |   164 |    17 ||   834
         Scorch            |       |    21 |    72 |   160 |   428 |   682 |   319 |    53 ||  1735
         Hailstorm         |       |       |     8 |    19 |    34 |    33 |   112 |       ||   206
         Airstrike         |       |       |    13 |    93 |    59 |   136 |   446 |    73 ||   820
         Mephitic Cloud    |       |       |       |     1 |     1 |     3 |     3 |       ||     8
         Cause Fear        |       |       |       |     3 |       |     1 |     1 |       ||     5
         Blink             |       |       |       |     1 |       |     3 |     3 |     3 ||    10
         Iskenderun's Batt |       |       |       |       |    74 |   116 |   116 |     5 ||   311
         Dispersal         |       |       |       |       |     4 |    11 |    12 |    36 ||    63
         Summon Hydra      |       |       |       |       |       |       |    98 |    92 ||   190
         Enfeeble          |       |       |       |       |       |       |     2 |    33 ||    35
         Ozocubu's Refrige |       |       |       |       |       |       |     1 |   133 ||   134
 Invoke: Elemental Force   |       |       |       |       |       |    10 |     2 |     4 ||    16
         Disaster Area     |       |       |       |       |       |       |       |     2 ||     2
Ability: Evoke Blink       |       |       |       |       |     1 |       |       |       ||     1
  Evoke: Box of beasts     |       |       |       |       |       |     1 |       |     1 ||     2
         Phial of floods   |       |       |       |       |       |     1 |       |       ||     1
         Wand              |       |       |       |       |       |     3 |       |       ||     3
         Lightning rod     |       |       |       |       |       |     2 |       |       ||     2
         Phantom mirror    |       |       |       |       |       |       |       |     1 ||     1
    Use: Scroll            |       |       |       |    15 |    15 |    10 |     6 |     2 ||    48
         Potion            |       |       |       |       |       |     6 |     2 |     1 ||     9
   Stab: Sleeping          |       |     3 |     2 |       |       |       |       |       ||     5
         Confused          |       |       |       |       |       |     2 |       |       ||     2
         Distracted        |       |       |       |       |       |       |     1 |     3 ||     4
         Invisible         |       |       |       |       |       |       |       |     7 ||     7
         Paralysed         |       |       |       |       |       |       |       |     3 ||     3
 Armour: Robe              |    13 |    25 |    28 |       |       |       |       |       ||    66
         Leather armour    |       |       |     7 |    52 |       |       |       |       ||    59
         Troll leather arm |       |       |       |    80 |   224 |   573 |   316 |   226 ||  1419
         Acid dragon scale |       |       |       |       |       |       |       |    24 ||    24
  Dodge: Dodged            |    25 |    34 |    79 |   150 |   271 |   617 |   600 |   387 ||  2163
         Repelled          |       |       |       |       |     4 |     8 |    14 |    33 ||    59
  Block: Buckler           |       |       |    25 |   105 |   428 |   910 |   219 |       ||  1687
         Tower shield      |       |       |       |       |       |    21 |   499 |       ||   520
         Other             |       |       |       |       |       |       |   151 |   175 ||   326

Table legend: (Time is in decaauts)
 A = Elapsed time spent in this place.
 B = Non-inter-level travel time spent in this place.
 C = Inter-level travel time spent in this place.
 D = Time resting spent in this place.
 E = Time spent auto-exploring this place.
 F = Levels seen in this place.
 G = Mean time per level.
                   A        B        C        D        E       F      G
               +--------+--------+--------+--------+--------+-----+--------+
         Total |  40539 |  38557 |   1982 |   4607 |  21827 |  42 |  965.2 |
       Dungeon |  15559 |  14668 |    891 |   1456 |  10091 |  15 | 1037.3 |
        Temple |     43 |     43 |      0 |      0 |      0 |   1 |   43.0 |
          Lair |   4766 |   4361 |    405 |    152 |   2881 |   5 |  953.2 |
        Shoals |   4155 |   3990 |    165 |    383 |   2483 |   4 | 1038.8 |
   Spider Nest |   5228 |   5050 |    178 |    839 |   1865 |   4 | 1307.0 |
    Slime Pits |   3339 |   3276 |     63 |    849 |   1230 |   5 |  667.8 |
  Orcish Mines |   1427 |   1339 |     88 |     61 |    947 |   2 |  713.5 |
        Depths |   5086 |   4896 |    190 |    775 |   2103 |   3 | 1695.3 |
        Bazaar |     76 |     76 |      0 |      0 |     47 |   1 |   76.0 |
      Ice Cave |     71 |     71 |      0 |     21 |      0 |   1 |   71.0 |
        Wizlab |    785 |    785 |      0 |     69 |    180 |   1 |  785.0 |
               +--------+--------+--------+--------+--------+-----+--------+

Top non-repeatable levels by time:
Depths:2: 2539 daAuts
Spider:3: 1753 daAuts
Depths:1: 1535 daAuts
     D:8: 1471 daAuts
    D:10: 1397 daAuts
Shoals:4: 1331 daAuts
    D:11: 1325 daAuts
  Lair:5: 1308 daAuts
Spider:2: 1212 daAuts
     D:9: 1204 daAuts
Spider:4: 1190 daAuts
     D:2: 1169 daAuts
Shoals:3: 1149 daAuts
    D:14: 1144 daAuts
Spider:1: 1071 daAuts
